 Dungeon Sprint DCSS version 0.21.1-1-g345015f (webtiles) character file.

3157 wilfster70 the Cleaver (level 9, -6/78 HPs)
             Began as a Demonspawn Gladiator on June 6, 2018.
             Was a High Priest of Cheibriados.
             Mangled by a dire flail of holy wrath (17 damage)
             ... in the Dungeon (Sprint V: "Ziggurat Sprint").
             The game lasted 00:04:10 (521 turns).

wilfster70 the Cleaver (Demonspawn Gladiator)        Turns: 521, Time: 00:04:11

Health: -6/78      AC: 22    Str: 42    XL:     9   Next: 62%
Magic:  14/15      EV:  8    Int: 24    God:    Cheibriados [*****.]
Gold:   0          SH: 32    Dex: 26    Spells: 3/8 levels left

rFire    + . .     SeeInvis +   F - +14 obsidian axe {chop, +Fly SInv *Curse} (curse)
rCold    + . .     Gourm    .   G - +18 shield of the Gong {rElec rN+ MR+ EV-5}
rNeg     + . .     Faith    .   H - +5 gold dragon scales
rPois    +         Spirit   .   (helmet restricted)
rElec    +         Reflect  .   (no cloak)
rCorr    .         Harm     .   (no gloves)
MR       +....     NoTele   +   (no boots)
Stlth    ..........             (no amulet)
HPRegen  0.23/turn              D - +6 ring of strength
MPRegen  0.14/turn              E - +6 ring of strength

@: mighty, mesmerised, very slow
A: antennae 1, slimy green scales 1, powered by pain 1
a: Bend Time, Temporal Distortion, Slouch, Step From Time, Renounce Religion,
Evoke Flight


You were in the Dungeon.
You worshipped Cheibriados.
Cheibriados was extremely pleased with you.
You were not hungry.

You visited 1 branch

Inventory:

Hand Weapons
 a - a +0 war axe
 F - the cursed +14 obsidian axe (weapon) {chop, +Fly SInv *Curse}
   (You found it in the Dungeon)

   It inflicts extra damage upon your enemies.
   It lets you see invisible.
   It lets you fly.
   It curses itself when equipped.
   It has a curse placed upon it.
Missiles
 d - 3 throwing nets (quivered)
Armour
 b - a +0 leather armour
 c - a +0 helmet
 G - the +18 shield of the Gong (worn) {rElec rN+ MR+ EV-5}
   (You found it in the Dungeon)

   It affects your evasion (-5).
   It insulates you from electricity.
   It protects you from negative energy.
   It affects your resistance to hostile enchantments.
 H - +5 gold dragon scales (worn)
Jewellery
 z - a +6 ring of dexterity
 A - a +6 ring of dexterity
 B - a +6 ring of intelligence
 C - a +6 ring of intelligence
 D - a +6 ring of strength (left hand)
 E - a +6 ring of strength (right hand)
Wands
 w - a wand of disintegration (7)
 x - a wand of iceblast (7)
 y - a wand of acid (7)
Scrolls
 k - 4 scrolls of blinking
 r - 4 scrolls of amnesia
 s - 7 scrolls of fog
 t - 5 scrolls of identify
 u - 5 scrolls of remove curse
 v - 2 scrolls of fear
Potions
 e - 10 potions of curing
 g - 14 potions of heal wounds
 h - 6 potions of haste
 i - 7 potions of magic
 j - 3 potions of berserk rage
 l - 2 potions of brilliance
 m - 2 potions of invisibility
 n - 4 potions of resistance
 o - a potion of experience
 p - 5 potions of agility
 q - 5 potions of might
Books
 I - a book of Dreams

   Spells                             Type                      Level
   a - Ensorcelled Hibernation        Hexes/Ice                    2
   b - Borgnjor's Vile Clutch         Necromancy/Earth             5
   c - Silence                        Hexes/Air                    5
   d - Darkness                       Hexes                        6
   e - Shadow Creatures               Summoning                    6
 K - a book of Fire

   Spells                             Type                      Level
   a - Ignite Poison                  Fire/Transmutation/Poison    3
   b - Fireball                       Conjuration/Fire             5
   c - Bolt of Fire                   Conjuration/Fire             6
   d - Ring of Flames                 Charms/Fire                  7
   e - Ignition                       Fire                         8
Comestibles
 f - 7 rations
 J - 12 chunks of flesh


   Skills:
 + Level 10.0 Fighting
 * Level 11.1 Axes
 - Level 7.0 Throwing
 + Level 5.7 Armour
 + Level 9.5 Dodging
 + Level 5.9 Shields
 + Level 8.4 Invocations


You had 3 spell levels left.
You knew the following spells:

 Your Spells              Type           Power        Failure   Level  Hunger
a - Borgnjor's Vile Clut  Necr/Erth      #.........   100%        5    ######.


Dungeon Overview and Level Annotations

Branches:
Dungeon (1/1)

Altars:
Ashenzari
Cheibriados
Dithmenos
Elyvilon
Fedhas
Gozag
Hepliaklqana
Kikubaaqudgha
Makhleb
Nemelex Xobeh
Okawaru
Qazlal
Ru
Sif Muna
Trog
Uskayaw
Vehumet
Wu Jian
Xom
Yredelemnul
Zin
The Shining One
Beogh
Jiyva
Lugonu

Annotations:
D 1 transporter


Innate Abilities, Weirdness & Mutations

You have a pair of small antennae on your head.
You are partially covered in slimy green scales. (AC +2)
You sometimes gain a little power by taking damage.


Message History

Your Fighting skill increases to level 10!
Your Axes skill increases to level 11!
You miss the dire flail of holy wrath. The dire flail of holy wrath hits you!!
You focus on the pain.
You feel mightier all of a sudden.
You convulse.
Your sun demon barely misses the dire flail of holy wrath.
The deep elf archer shoots an arrow.
The arrow hits you.
* * * LOW HITPOINT WARNING * * *
You block the dire flail of holy wrath's attack.
GONNNNG!
Your sun demon hits the dire flail of holy wrath.
The dire flail of holy wrath is engulfed in flames.
The dire flail of holy wrath resists.
The dire flail of holy wrath barely misses you.
The deep elf archer shoots an arrow.
The arrow hits you!
* * * LOW HITPOINT WARNING * * *
Your sun demon completely misses the dire flail of holy wrath.
The dire flail of holy wrath hits you!
You die...

▓..().▓.....▓.....▓
▓.....▓.....▓..©..▓
▓..©..▓..©..▓▓▓▓▓▓▓
▓▓▓▓▓▓▓▓▓▓▓▓▓▓▓▓▓▓▓
▓..8©8...▓..8©8...▓
▓..:}=...▓..[)=...▓
▓...)....▓..=.....▓
▓........▓....e...▓
▓........▓.e.@(...▓
▓.▓....▓.▓.▓.(3.▓.▓
▓...©....▓...©....▓
▓▓▓▓▓▓▓▓▓▓▓▓▓▓▓▓▓▓▓


You could see 2 deep elf archers, a dire flail of holy wrath and a friendly sun
demon.

Vanquished Creatures
  2 dancing weapons (D)
  A deep elf mage (D)
  An ugly thing (D)
  An orc sorcerer (D)
  2 small abominations (D)
  A fire elemental (D)
  A quasit (D)
  2 orc priests (D)
  An orc wizard (D)
  A worm (shapeshifter) (D)
13 creatures vanquished.

Vanquished Creatures (collateral kills)
  A deep elf archer (D)
  A shadow imp (D)
2 creatures vanquished.

Grand Total: 15 creatures vanquished

Notes
Turn   | Place    | Note
-------+----------+-------------------------------------------
     0 | D        | Found the +6 Majin-Bo {vamp, Archmagi MP+6 Int+6}
     0 | D        | Found the +7 great mace "Firestarter" {inner flame, rF++}
     0 | D        | wilfster70 the Demonspawn Gladiator began the quest for the Orb.
     0 | D        | Reached XP level 1. HP: 16/16 MP: 1/1
     0 | D        | Found a deep blue altar of Sif Muna.
     0 | D        | Found a sacrificial altar of Ru.
     0 | D        | Found a bloodstained altar of Trog.
     0 | D        | Found a stormy altar of Qazlal.
     0 | D        | Found an iron altar of Okawaru.
     0 | D        | Found a sparkling altar of Nemelex Xobeh.
     0 | D        | Found a blossoming altar of Fedhas.
     2 | D        | Found a transporter.
     2 | D        | Found an ancient bone altar of Kikubaaqudgha.
     2 | D        | Found a viscous altar of Jiyva.
     2 | D        | Found a corrupted altar of Lugonu.
     2 | D        | Found a hazy altar of Hepliaklqana.
     2 | D        | Found a burning altar of Makhleb.
     2 | D        | Found an opulent altar of Gozag.
    18 | D        | Found the +9 heavy crossbow "Sniper" {velocity, Acc+∞ SInv}
    18 | D        | Found the +15 Maxwell's patent armour {-Cast -Tele rElec MR+ rCorr}
    18 | D        | Found the +18 shield of the Gong {rElec rN+ MR+ EV-5}
    18 | D        | Found the cursed +14 obsidian axe {chop, +Fly SInv *Curse}
    69 | D        | Became a worshipper of Cheibriados the Contemplative
    77 | D        | Entered arena 2.
    77 | D        | Noticed a cyan ugly thing
    77 | D        | Found a transporter.
    80 | D        | Reached skill level 3 in Axes
    84 | D        | Killed a cyan ugly thing
    84 | D        | Reached skill level 7 in Axes
    84 | D        | Gained mutation: You have a pair of small antennae on your head. [demonic ancestry]
    84 | D        | Reached XP level 2. HP: 7/31 MP: 2/2
    84 | D        | Reached XP level 3. HP: 9/36 MP: 3/3
    84 | D        | Gained mutation: You are partially covered in slimy green scales. (AC +2) [demonic ancestry]
    84 | D        | Reached XP level 4. HP: 10/43 MP: 4/4
    84 | D        | Reached XP level 5. HP: 12/48 MP: 5/5
    84 | D        | Reached XP level 6. HP: 13/55 MP: 6/6
   327 | D        | Learned a level 5 spell: Borgnjor's Vile Clutch
   329 | D        | Entered arena 3.
   329 | D        | Found a transporter.
   335 | D        | Reached * piety under Cheibriados
   386 | D        | Entered arena 4.
   386 | D        | Noticed a hand axe of freezing
   386 | D        | Noticed a deep elf archer
   386 | D        | Noticed an orc sorcerer
   386 | D        | Noticed a deep elf mage
   386 | D        | Found a transporter.
   388 | D        | Killed a hand axe of freezing
   388 | D        | Reached ** piety under Cheibriados
   388 | D        | Reached skill level 8 in Axes
   388 | D        | Gained mutation: You sometimes gain a little power by taking damage. [demonic ancestry]
   388 | D        | Reached XP level 7. HP: 63/63 MP: 6/10
   388 | D        | Reached XP level 8. HP: 69/69 MP: 6/11
   391 | D        | Killed an orc sorcerer
   391 | D        | Reached skill level 9 in Axes
   391 | D        | Reached skill level 5 in Invocations
   395 | D        | Killed a deep elf mage
   395 | D        | Reached skill level 10 in Axes
   396 | D        | Killed a deep elf archer
   396 | D        | Reached *** piety under Cheibriados
   396 | D        | Reached skill level 5 in Armour
   396 | D        | Reached skill level 5 in Shields
   396 | D        | Reached XP level 9. HP: 66/77 MP: 7/14
   504 | D        | Entered arena 5.
   504 | D        | Found a transporter.
   509 | D        | Reached **** piety under Cheibriados
   517 | D        | Entered arena 6.
   517 | D        | Noticed a deep elf archer
   517 | D        | Noticed a dire flail of holy wrath
   517 | D        | Noticed a flail of holy wrath
   517 | D        | Noticed a deep elf archer
   517 | D        | Found a transporter.
   520 | D        | Killed a flail of holy wrath
   520 | D        | Reached ***** piety under Cheibriados
   520 | D        | Reached skill level 10 in Fighting
   520 | D        | Reached skill level 11 in Axes
   521 | D        | Mangled by a dire flail of holy wrath

Skill      XL: |  1  2  3  4  5  6  7  8  9 |
---------------+----------------------------+-----
Axes           | 7 8 10 11 | 11.1
Throwing       | 6 7 |  7.0
Dodging        | 7 8 9 |  9.5
Fighting       | 7 8 9 10 | 10.0
Armour         | 3 5 |  5.7
Shields        | 3 5 |  5.9
Invocations    | 4 7 8 |  8.4

Action                   |  1- 3 |  4- 6 |  7- 9 || total
-------------------------+-------+-------+-------++-------
Melee: Broad axe         |     6 |     4 |    13 ||    23
Armor: Gold dragon scale |     4 |     3 |    10 ||    17
Dodge: Dodged            |       |       |     3 ||     3
Block: Shield            |     6 |     6 |    31 ||    43
